AoeStats
← b站江条

Arabia

506720275Analyzed
1v1 RM · 17d ago on Sep 14, 2026· 31m 18s· 2 players
Game mode
Random Map
Map size
Tiny (2 player)
Population
200
Speed
Normal
Resources
Standard
Victory
Conquest
Starting age
Dark Age
Ending age
Imperial Age
RankedLock teamsTeams togetherTeam positionsShared explorationLock speedFull tech treeHidden civsTurbo modeCheats
Victory
Defeat
🇦🇷 Japanese · Argentina
1389
+17
🇨🇳 Maya · China
1405
-17
YDRL
3:22 Loom
12:08 Feudal Age
12:11 Man-at-Arms
15:51 Town Watch
19:10 Fletching
26:35 Castle Age
25:07 Padded Archer Armor
26:55 Scale Barding Armor
27:55 Wheelbarrow
27:05 Double-Bit Axe
27:20 Elite Skirmisher
27:37 Long Swordsman
29:59 Bow Saw
31:13 Bodkin Arrow
32:08 Hand Cart
b站江条
0:26 Loom
10:21 Feudal Age
16:36 Double-Bit Axe
22:36 Castle Age
21:57 Fletching
23:04 Crossbowman
Connection lost

Rejoining the realm…

Still unreachable

The connection could not be restored.

Session expired

The server has moved on; the page needs a fresh start.